 Dungeon Crawl Stone Soup version 0.26-a0-664-gc8b27b8fc1 (webtiles) character file.

Game seed: 4182284320374832358

7531 DogServant the Cleaver (level 10, -2/76 HPs)
             Began as a Demonspawn Berserker on Oct 13, 2020.
             Was a High Priest of Trog.
             Slain by a centaur
             ... wielding a +0 scythe
              (20 damage)
             ... on level 10 of the Dungeon.
             The game lasted 00:15:19 (9493 turns).

DogServant the Cleaver (Demonspawn Berserker)       Turns: 9493, Time: 00:15:20

Health: -2/76      AC: 12    Str: 23    XL:     10   Next: 96%
Magic:  10/10      EV: 19    Int:  8    God:    Trog [*****.]
Gold:   232        SH:  0    Dex: 22    Spells: 9/9 levels left

rFire    . . .     SeeInvis .   D - +3 war axe (freeze)
rCold    . . .     Faith    .   (no shield)
rNeg     . . .     Spirit   .   z - +5 scale mail "Xairuoc" {-Tele Rampage rElec Str+5 Stlth+}
rPois    .         Reflect  .   (helmet restricted)
rElec    +         Harm     .   (no cloak)
rCorr    .         Rampage  +   (no gloves)
MR       .....     NoTele   +   (no boots)
Stlth    ++........             (no amulet)
HPRegen  0.22/turn              p - +6 ring of dexterity
MPRegen  0.12/turn              (no ring)

@: agile, berserk cooldown, slowed, very slow
A: claws 1, horns 1, talons 2, powered by pain 1
a: Berserk, Trog's Hand, Brothers in Arms, Renounce Religion


You were on level 10 of the Dungeon.
You worshipped Trog.
Trog was extremely pleased with you.
You visited 1 branch of the dungeon, and saw 10 of its levels.

You collected 673 gold pieces.
You spent 441 gold pieces at shops.

Inventory:

Hand Weapons
 q - a +0 hunting sling
 D - a +3 war axe of freezing (weapon)
 J - a cursed +4 battleaxe
Missiles
 a - 6 javelins (quivered)
 c - a throwing net
 r - 84 sling bullets
 u - 325 stones
Armour
 b - the +0 kite shield of Brilliance {rPois rC- Str+8 Dex-2}
   (You bought it in a shop on level 4 of the Dungeon)

   It affects your strength (+8).
   It affects your dexterity (-2).
   It makes you vulnerable to cold.
   It protects you from poison.
 z - the +5 scale mail "Xairuoc" (worn) {-Tele Rampage rElec Str+5 Stlth+}
   (You found it on level 5 of the Dungeon)

   It affects your strength (+5).
   It insulates you from electricity.
   It prevents most forms of teleportation.
   It bestows one free step when moving towards enemies.
   It makes you more stealthy.
 G - a +0 pair of boots
 P - a +0 pair of gloves
Jewellery
 i - an uncursed amulet of the acrobat
 p - a +6 ring of dexterity (left claw)
Wands
 w - a wand of iceblast (4)
 B - a wand of acid (21)
 C - a wand of polymorph (16)
 E - a wand of flame (12)
 H - a wand of disintegration (9)
 O - a wand of random effects (16)
Scrolls
 g - 2 scrolls of fog
 k - a scroll of blinking {unknown}
 l - 4 scrolls of teleportation
 m - 2 scrolls of remove curse
 t - a scroll of enchant armour {unknown}
 y - a scroll of immolation
 F - 4 scrolls of identify
 I - 2 scrolls of fear {unknown}
 L - a scroll of enchant weapon
 M - a scroll of brand weapon {unknown}
 N - a scroll of magic mapping {unknown}
Potions
 d - 2 potions of flight
 e - 2 potions of heal wounds
 f - 2 potions of might
 h - 9 potions of curing {unknown}
 j - a potion of berserk rage {unknown}
 n - 2 potions of mutation {unknown}
 o - 5 potions of brilliance {unknown}
 s - 2 potions of stabbing {unknown}
 v - a potion of invisibility {unknown}
 x - 2 potions of lignification {unknown}
 A - a potion of resistance {unknown}


   Skills:
 - Level 6.0 Fighting
 + Level 9.0 Axes
 - Level 4.1 Throwing
 + Level 7.2 Armour
 - Level 4.6 Dodging
 * Level 7.6 Shields


You had 9 spell levels left.
You didn't know any spells.
Your spell library was empty.

Dungeon Overview and Level Annotations

Branches:
Dungeon (10/15)            Temple (0/1) D:4            Lair (0/6) D:9
    Orc: D:9-12

Altars:
Ashenzari
Makhleb
Qazlal
Sif Muna
Trog
The Shining One
Beogh

Shops:
D:4 (*}}   D:7 }


Innate Abilities, Weirdness & Mutations

You have sharp fingernails.
You have a pair of small horns on your head.
You have razor-sharp toenails.
You sometimes gain a little power by taking damage.


Message History

The manticore misses you. The manticore barely misses you.
You completely miss the manticore.
The four-headed hydra roars!
You claw the manticore.
You headbutt the manticore, but do no damage.
The manticore is severely wounded.
The centaur drinks a potion.
The centaur seems to grow stronger.
The manticore bites you!
* * * LOW HITPOINT WARNING * * *
The manticore completely misses you. The manticore claws you.
* * * LOW HITPOINT WARNING * * *
The centaur misses you. The manticore misses you. The manticore claws you.
* * * LOW HITPOINT WARNING * * *
The manticore claws you.
* * * LOW HITPOINT WARNING * * *
You feel much better. The centaur misses you. The manticore barely misses you.
The manticore completely misses you. The manticore claws you!
* * * LOW HITPOINT WARNING * * *
The centaur hits you from afar with a +0 scythe!!
You die...

≈..≈≈......(.....
.≈....##.#######.### .
...#.###....".# ...##...
.<......#.....###......#
..##....#..............+ .
####............#.######....
#....#.......#)))........
#....#.......#.#####.####
#####.!......@.#
#......cH.## #...$.#.....#
..$..#.#....#.#
.......#...D...#
.....#.#.........
....#.#.#......##
.......(....(....
#.$!.#.#.$?......


You could see a four-headed hydra, a manticore and a centaur (strong).

Vanquished Creatures
  A two-headed ogre (D:8)
  2 tengu warriors (D:10)
  Psyche (D:8)
  Sigmund (D:2)
  A vampire mosquito (D:10)
  A water moccasin (D:8)
  Duvessa (D:6)
  5 ice beasts
  2 orc warriors
  A black bear (D:9)
  2 phantoms
  3 sky beasts (D:9)
  5 ogres
  3 centaurs
  3 bullfrogs
  A water moccasin zombie (D:7)
  3 scorpions
  A wyvern skeleton (D:7)
  Dowan (D:6)
  17 killer bees
  7 wights
  An electric eel (D:10)
  A centaur zombie (D:8)
  A crimson imp (D:8)
  2 bullfrog zombies
  A quasit (D:10)
  3 hounds
  2 jellies
  7 orc priests
  9 orc wizards
  2 bullfrog skeletons (D:7)
  6 iguanas
  5 worker ants
  A hound zombie (D:5)
  2 worker ant zombies (D:5)
  4 gnolls
  6 adders
  A howler monkey skeleton (D:9)
  2 shadow imps
  A white imp (D:9)
  An ufetubus (D:10)
  An adder skeleton (D:5)
  An adder zombie (D:5)
  A worm (D:4)
  A dart slug (D:1)
  3 leopard geckos
  45 orcs
  6 giant cockroaches
  7 goblins
  8 hobgoblins
  10 jackals
  3 quokkas
  4 bats
  5 frilled lizards
  A jackal skeleton (D:8)
  12 kobolds
  14 rats
242 creatures vanquished.

Vanquished Creatures (others)
  An orc (D:9)
  2 plants (D:10)
3 creatures vanquished.

Grand Total: 245 creatures vanquished

Notes
Turn   | Place    | Note
-------+----------+-------------------------------------------
     0 | D:1      | DogServant the Demonspawn Berserker began the quest for the
                  | Orb.
     0 | D:1      | Reached XP level 1. HP: 18/18 MP: 1/1
   100 | D:1      | Reached skill level 3 in Axes
   100 | D:1      | Gained mutation: You have sharp toenails. [demonic
                  | ancestry]
   100 | D:1      | Reached XP level 2. HP: 13/24 MP: 2/2
   454 | D:1      | Gained mutation: You have razor-sharp toenails. [demonic
                  | ancestry]
   454 | D:1      | Reached XP level 3. HP: 27/29 MP: 3/3
   723 | D:1      | Reached ** piety under Trog
  1428 | D:2      | Noticed Sigmund
  1436 | D:2      | Killed Sigmund
  1436 | D:2      | Reached skill level 4 in Axes
  1436 | D:2      | Reached XP level 4. HP: 38/38 MP: 4/4
  1436 | D:2      | Reached XP level 5. HP: 43/43 MP: 5/5
  1756 | D:3      | Found a stormy altar of Qazlal.
  1918 | D:3      | Found a roughly hewn altar of Beogh.
  1924 | D:3      | Reached skill level 5 in Fighting
  1930 | D:3      | Gained mutation: You sometimes gain a little power by
                  | taking damage. [demonic ancestry]
  1930 | D:3      | Reached XP level 6. HP: 51/51 MP: 6/6
  2301 | D:4      | Found Pamofuyh's Gadget Shop.
  2369 | D:4      | Noticed a moth of wrath
  2372 | D:4      | Found a bloodstained altar of Trog.
  2480 | D:4      | Reached skill level 5 in Axes
  2485 | D:4      | Found Satimeb's Gadget Boutique.
  2803 | D:4      | Found Cumm's Antique Weapon Shoppe.
  2811 | D:4      | Bought an iridescent trident for 204 gold pieces
  2811 | D:4      | Identified the +1 trident of Stickiness {freeze, *Slow
                  | +Blink rC+++ Int+3} (You bought it in a shop on level 4 of
                  | the Dungeon)
  2826 | D:4      | Found Cidouh's General Store.
  3058 | D:4      | Found a staircase to the Ecumenical Temple.
  3142 | D:5      | Entered Level 5 of the Dungeon
  3148 | D:5      | Reached XP level 7. HP: 52/58 MP: 7/7
  3538 | D:5      | Reached skill level 1 in Throwing
  3563 | D:5      | Got a brightly glowing scale mail
  3574 | D:5      | Identified the +5 scale mail "Xairuoc" {-Tele Rampage rElec
                  | Str+5 Stlth+} (You found it on level 5 of the Dungeon)
  3702 | D:5      | Reached *** piety under Trog
  4142 | D:6      | Reached skill level 6 in Axes
  4272 | D:6      | Reached XP level 8. HP: 60/64 MP: 8/8
  4365 | D:6      | Noticed Duvessa
  5160 | D:6      | Noticed Dowan
  5171 | D:6      | Killed Dowan
  5174 | D:6      | Killed Duvessa
  5256 | D:6      | Reached **** piety under Trog
  5595 | D:7      | Found Falijem's Gadget Shoppe.
  5998 | D:7      | Found a broken altar of Ashenzari.
  6058 | D:7      | Found a shimmering blue altar of Sif Muna.
  6070 | D:7      | Gained mutation: You have a pair of small horns on your
                  | head. [demonic ancestry]
  6070 | D:7      | Reached XP level 9. HP: 69/69 MP: 9/9
  6081 | D:7      | Reached skill level 7 in Axes
  6488 | D:4      | Bought the cursed +0 kite shield of Brilliance {rPois rC-
                  | Str+8 Dex-2} for 237 gold pieces
  6629 | D:7      | Reached skill level 1 in Shields
  7393 | D:8      | Reached skill level 5 in Armour
  7436 | D:8      | Found the +6 shillelagh "Devastator" {shatter}
  7593 | D:8      | Noticed Psyche
  7600 | D:8      | Killed Psyche
  7811 | D:8      | Noticed a two-headed ogre
  7811 | D:8      | Reached ***** piety under Trog
  7822 | D:8      | Killed a two-headed ogre
  7822 | D:8      | Reached skill level 8 in Axes
  7822 | D:8      | Reached skill level 5 in Shields
  7822 | D:8      | Gained mutation: You have sharp fingernails. [demonic
                  | ancestry]
  7822 | D:8      | Reached XP level 10. HP: 76/76 MP: 10/10
  7838 | D:8      | Found a burning altar of Makhleb.
  7933 | D:8      | Found a glowing golden altar of the Shining One.
  8235 | D:9      | Found a staircase to the Lair.
  8397 | D:9      | Received a gift from Trog
  9203 | D:10     | Entered Level 10 of the Dungeon
  9439 | D:10     | Noticed a tengu warrior
  9440 | D:10     | Noticed a tengu warrior
  9460 | D:10     | Killed a tengu warrior
  9469 | D:10     | Killed a tengu warrior
  9469 | D:10     | Reached skill level 9 in Axes
  9485 | D:10     | Noticed a manticore
  9491 | D:10     | Noticed a four-headed hydra
  9492 | D:10     | HP: 3/76 [manticore (4)]
  9493 | D:10     | Slain by a centaur

Illustrated notes

Levels and vault maps discovered:
D:1:      dpeg_arrival_arbitrary_a, layout_basic, serial_corexii_hall,
          corexii_hall_statues_t, corexii_hall_statues_x
D:2:      layout_loops_ring, uniq_sigmund
D:3:      layout_basic, grunt_qazlal_sundering, glass_columns_a,
          kennysheep_orc_chapel
D:4:      layout_rooms, tgw_trog, lemuel_temple_firewalk_b, serial_shops, shop,
          nicolae_shop_temple_entry_statues_fountains, shop, nicolae_shop_trees
D:5:      layout_rooms
D:6:      layout_loops_corners, uniq_duvessa
D:7:      layout_loops_ring, led_sif_book, kennysheep_mini, serial_shops, shop,
          kennysheep_generic_room_15
D:8:      layout_gridville, makhleb_grotto_becter, tso_oasis_becter,
          lightli_orcish_oven, uniq_psyche
D:9:      layout_irregular_city, lair_entry_dummy
D:10:     minmay_the_grid_four_pointed_star_mashed
          [minmay_the_grid_triangle_9x9_pentomino_pain,
          minmay_the_grid_triangle_9x9_limited_checkers,
          minmay_the_grid_triangle_9x9_minimal,
          minmay_the_grid_triangle_9x9_from_above,
          minmay_the_grid_prize_four_corners], layout_basic, serial_shops,
          shop_fountains, chequers_big_river, minivault_24, st_stairs_4,
          uniq_joseph

Skill      XL: |  1  2  3  4  5  6  7  8  9 10 |
---------------+-------------------------------+-----
Axes           | 3 4 5 6 8 9 |  9.0
Fighting       | 4 5 6 |  6.0
Armour         | 3 4 6 7 |  7.2
Dodging        | 3 4 |  4.6
Throwing       | 2 3 4 |  4.1
Shields        | 5 7 |  7.6

Action                   |  1- 3 |  4- 6 |  7- 9 | 10-12 || total
-------------------------+-------+-------+-------+-------++-------
Melee: Hand axe          |    79 |    61 |    18 |       ||   158
       Kick              |    14 |    17 |    51 |     5 ||    87
       War axe           |       |       |   253 |   142 ||   395
       Headbutt          |       |       |    29 |    45 ||    74
 Fire: Hunting sling     |     5 |     5 |       |       ||    10
Throw: Javelin           |       |       |     3 |       ||     3
       Stone             |       |       |    11 |       ||    11
Invok: Berserk           |     3 |     3 |     7 |     3 ||    16
       Trog's Hand       |       |       |     1 |     1 ||     2
  Use: Scroll            |       |       |    10 |     1 ||    11
       Potion            |       |       |       |     1 ||     1
 Stab: Sleeping          |     1 |       |     1 |       ||     2
Armor: Animal skin       |     4 |       |       |       ||     4
       Ring mail         |    14 |    10 |     9 |       ||    33
       Scale mail        |       |       |    81 |    75 ||   156
Dodge: Dodged            |    56 |    34 |   183 |   160 ||   433
Block: Kite shield       |       |       |    14 |       ||    14

Table legend: (Time is in decaauts)
 A = Elapsed time spent in this place.
 B = Non-inter-level travel time spent in this place.
 C = Inter-level travel time spent in this place.
 D = Time resting spent in this place.
 E = Time spent auto-exploring this place.
 F = Levels seen in this place.
 G = Mean time per level.
                   A        B        C        D        E       F      G
               +--------+--------+--------+--------+--------+-----+--------+
         Total |   9671 |   8967 |    704 |   1634 |   5959 |  10 |  967.1 |
       Dungeon |   9671 |   8967 |    704 |   1634 |   5959 |  10 |  967.1 |
               +--------+--------+--------+--------+--------+-----+--------+

Top non-repeatable levels by time:
     D:7: 1607 daAuts
     D:6: 1334 daAuts
     D:9: 1102 daAuts
     D:5: 1035 daAuts
     D:1: 1015 daAuts
     D:4: 1011 daAuts
     D:8: 937 daAuts
     D:2: 688 daAuts
     D:3: 643 daAuts
    D:10: 296 daAuts
